 Dungeon Sprint DCSS version 0.30-a0-605-gb2882149bf (webtiles) character file.

Game seed: 10353302493592877636

27432 mhtbhm the Wrestler (level 13, -1/148 HPs)
             Began as a Troll Transmuter on Jan 7, 2023.
             Was an Initiate of Gozag.
             Slain by a tentacle (12 damage)
             ... attached to a kraken
             ... in the Dungeon (Sprint III: "The Ten Rune Challenge").
             The game lasted 00:13:20 (4449 turns).

mhtbhm the Wrestler (Troll Transmuter)              Turns: 4449, Time: 00:13:21

Health: -1/148     AC: 10    Str: 25    XL:     13   Next: 4%
Magic:  32/35      EV: 15    Int:  9    God:    Gozag
Gold:   6341       SH:  2    Dex: 10    Spells: 17/32 levels left

rFire   x . .      SeeInvis .      - Unarmed
rCold   + + +      Faith    .    (shield currently unavailable)
rNeg    . . .      Spirit   .    (body armour currently unavailable)
rPois   +          Reflect  .    (helmet currently unavailable)
rElec   +          Harm     .    (cloak currently unavailable)
rCorr   +          Rampage  .    (gloves unavailable)
Will    .....      NoTele   +    (boots unavailable)
Stlth   +++                      (no amulet)
HPRegen 1.24/turn                r - ring "Addiarur" {rElec rPois rCorr}
MPRegen 0.24/turn                B - ring of the Octopus King {HP+2 MP+9 AC+2 EV+2 SH+2}

@: ice-form, wereblooded, gold aura
A: freezing attack, amphibious, boosted hp, large, unfitting armour, (claws 3),
regeneration 1, (shaggy fur 1), (tough skin 1)
a: End Transformation, Renounce Religion, Potion Petition, Call Merchant, Bribe
Branch


You were in the Dungeon.
You worshipped Gozag.
Gozag was greatly pleased with you.
You were a creature of crystalline ice.
You visited 1 branch You collected 10662 gold pieces.
You spent 1786 gold pieces at shops.
You paid 2535 gold pieces to Gozag.

Inventory:

Missiles
 n - 7 curare-tipped darts
Armour
 a - a +2 robe of the Archmagi (melded)
 C - a scarf of repulsion (melded)
Jewellery
 r - the ring "Addiarur" (left front paw) {rElec rPois rCorr}
   (You bought it in a shop in the Dungeon)

   [ring of poison resistance]

   rElec:     It insulates you from electricity.
   rPois:     It protects you from poison.
   rCorr:     It protects you from acid and corrosion.
 A - a ring of see invisible
 B - a ring of the Octopus King (right front paw) {HP+2 MP+9 AC+2 EV+2 SH+2}
   (You found it in the Dungeon)

   [ring of magical power]

   AC:        It affects your AC (+2).
   EV:        It affects your evasion (+2).
   HP:        It affects your health (+2).
   MP:        It affects your magic capacity (+9).
   SH:        It affects your SH (+2).
Wands
 h - a wand of roots (6)
 q - a wand of light (2)
 w - a wand of mindburst (16)
Scrolls
 i - a scroll of torment
 j - 3 scrolls of identify
 k - 3 scrolls of acquirement
 l - 2 scrolls of immolation
 o - 3 scrolls of blinking
 v - a scroll of poison {unknown}
 y - a scroll of enchant armour {unknown}
Potions
 b - 2 potions of lignification
 c - a potion of curing
 d - a potion of resistance
 e - a potion of haste
 f - 2 potions of magic
 m - 4 potions of mutation
 p - 3 potions of might
 s - 6 potions of heal wounds
 t - a potion of invisibility
 u - a potion of degeneration {unknown}
 x - a potion of flight
 z - 2 potions of brilliance {unknown}
Miscellaneous
 g - a piece from Xom's chessboard (15/15)


   Skills:
 + Level 6.3 Fighting
 + Level 10.1 Dodging
 + Level 6.6 Stealth
 + Level 21.4 Unarmed Combat
 + Level 10.2 Spellcasting
 + Level 10.9 Transmutations
 + Level 5.6 Ice Magic
 + Level 2.1 Evocations


You had 17 spell levels left.
You knew the following spells:

 Your Spells              Type           Power      Damage    Failure   Level
a - Beastly Appendage     Tmut           48%        N/A       1%          1
b - Wereblood             Tmut           24%        N/A       1%          2
c - Spider Form           Tmut/Pois      14%        N/A       4%          3
d - Ice Form              Ice/Tmut       19%        N/A       4%          4
e - Blade Hands           Tmut           12%        N/A       4%          5

Your spell library contained the following spells:

 Spells                   Type           Power      Damage    Failure   Level
 Ensorcelled Hibernation  Hex/Ice        18%        N/A       7%          2
 Apportation              Tloc           8%         N/A       14%         1
 Kiss of Death            Conj/Necr      16%        2d6       14%         1
 Necrotise                Necr           16%        1d4       14%         1
 Slow                     Hex            16%        N/A       14%         1
 Summon Small Mammal      Summ           16%        N/A       14%         1
 Confusing Touch          Hex            4%         N/A       41%         3
 Portal Projectile        Hex/Tloc       8%         N/A       41%         3
 Tukima's Dance           Hex            4%         N/A       41%         3
 Vampiric Draining        Necr           4%         2d6       41%         3
 Anguish                  Hex/Necr       2%         N/A       82%         4
 Dispel Undead            Necr           4%         3d7       82%         4


Dungeon Overview and Level Annotations

Branches:
Dungeon (1/1)

Altars:
Cheibriados
Dithmenos
Elyvilon
Fedhas
Gozag
Hepliaklqana
Kikubaaqudgha
Makhleb
Nemelex Xobeh
Okawaru
Qazlal
Ru
Sif Muna
Trog
Uskayaw
Vehumet
Wu Jian
Xom
Yredelemnul
Zin
The Shining One
Jiyva
Lugonu

Shops:
D *!=**=?((?::([!


Innate Abilities, Weirdness & Mutations

You are a creature of crystalline ice.
You have a powerful freezing melee attack.
You are amphibious.
Your maximum health is increased.
Your armour is entirely melded.
You are incapable of wielding weapons or throwing items.
You are too large for most types of armour.
((You have claws for hands.))
Your natural rate of healing is unusually fast.
((You are covered in fur. (AC +1)))
((You have tough skin. (AC +1)))


Message History

The kraken bites you!!!
You pummel the kraken!! You freeze the kraken.
The kraken is moderately wounded.
The kraken bites you!!
You squash the kraken like an ant!!!
You freeze the kraken.
The kraken is heavily wounded.
The kraken closely misses you.
You punch the kraken! You freeze the kraken.
The kraken is heavily wounded.
Tentacles burst out of the water! 4 tentacles come into view.
You pummel the kraken!!
The kraken seems to slow down.
You freeze the kraken.
The kraken is severely wounded.
You howl as the wereblood boils in your veins!
The tentacle slaps you! The tentacle slaps you. The kraken bites you.
You hit the kraken.
The kraken seems to slow down.
You freeze the kraken.
The kraken is severely wounded.
You howl as the wereblood boils in your veins!
The tentacle completely misses you. The tentacle barely misses you.
You completely miss the kraken.
The kraken is severely wounded.
The tentacle slaps you! The tentacle barely misses you.
The kraken barely misses you.
You punch the kraken! You freeze the kraken.
The kraken is severely wounded.
The tentacle misses you. x2
You hit the kraken but do no damage.
The kraken is severely wounded.
The tentacle completely misses you. The tentacle barely misses you.
The kraken squirts a massive cloud of ink into the water!
You hit the kraken but do no damage.
The kraken is severely wounded.
The tentacle slaps you! The tentacle closely misses you.
You pummel the kraken!!
The kraken seems to slow down.
You freeze the kraken!
The kraken is almost dead.
The kraken bites you!!!
* * * LOW HITPOINT WARNING * * *
The tentacle slaps you!
You die...
Your body crumbles into a pile of gold.

##
♣♣♣♣.##..##~~~~~≈..#)(#...
♣...##.##.#~~~~≈...#(|#...
♣♣.##.##.##'~~~≈≈####'####
♣..#.##.[.#~~.....☼..#∩..
♣♣.##.##..#≈..'#######.)∩
♣♣.##.#####...#.()...#...
♣.....##......#♣♣♣._.#∩..
########$#############'##
▓Yw......... #...
▓Xw.......P≈ #.##
▓ww§....P.≈≈ #.#[
▓≈≈≈≈§..≈≈≈≈ #.#.
▓≈≈≈≈~§§~≈≈≈ #.#.
▓≈≈≈~≈≈≈≈~≈≈ #.#)
▓≈≈~≈≈≈≈≈≈~≈ #.#)
▓≈~≈≈≈≈≈≈≈≈~ #.#'
▓~≈≈≈≈≈≈≈≈≈≈ #.#.


You could see a kraken (slow) and 4 tentacles.

Vanquished Creatures
  Frances (D)
  Donald (D)
  Azrael (D)
  A deep elf annihilator (D)
  A fire dragon (D)
  A yaktaur captain (D)
  Erolcha (D)
  2 hydras (D)
  A centaur warrior (D)
  4 dancing weapons (D)
  2 orc high priests (D)
  2 deep elf knights (D)
  Urug (D)
  A death drake (D)
  A spriggan druid (D)
  An obsidian statue (D)
  A lindwurm (D)
  A deep elf pyromancer (D)
  2 deep elf zephyrmancers (D)
  2 orc sorcerers (D)
  3 ugly things (D)
  A moth of wrath (D)
  2 cane toads (D)
  An elephant (D)
  A rime drake (D)
  A komodo dragon (D)
  3 yaktaurs (D)
  A queen bee (D)
  4 spriggan defenders (D)
  A hornet (D)
  2 tyrant leeches (D)
  5 blink frogs (D)
  A snapping turtle (D)
  A slime creature (D)
  2 spriggans (D)
  A shadow (D)
  5 redbacks (D)
  3 wandering mushrooms (D)
  A spatial vortex (D)
  A hydra simulacrum (D)
  A swamp drake (D)
  5 orc warriors (D)
  2 black mamba simulacra (D)
  5 two-headed ogres (D)
  A necrophage (D)
  A water elemental (D)
  32 killer bees (D)
  An electric eel (D)
  A jelly (D)
  4 orc priests (D)
  A wizard (D)
  An orc wizard (D)
  A polar bear simulacrum (D)
  A necromancer (D)
  3 humans (D)
  A kobold demonologist (D)
  An adder (D)
  A phantom (D)
  8 orcs (D)
  An endoplasm (D)
  3 rats (D)
  A plant (D)
144 creatures vanquished.

Vanquished Creatures (others)
  A fungus (D)
  14 plants (D)
  9 tentacles (D)
24 creatures vanquished.

Grand Total: 168 creatures vanquished

Notes
Turn   | Place    | Note
-------+----------+-------------------------------------------
     0 | D        | mhtbhm the Troll Transmuter began the quest for the Orb.
     0 | D        | Reached XP level 1. HP: 18/18 MP: 1/1
    16 | D        | Reached skill level 4 in Unarmed Combat
    46 | D        | Reached skill level 5 in Unarmed Combat
    46 | D        | Reached XP level 2. HP: 14/26 MP: 0/3
   178 | D        | Learned a level 2 spell: Wereblood
   234 | D        | Noticed a water elemental
   239 | D        | Killed a water elemental
   240 | D        | Reached skill level 1 in Fighting
   240 | D        | Reached skill level 7 in Unarmed Combat
   240 | D        | Reached XP level 3. HP: 33/33 MP: 0/5
   240 | D        | Reached XP level 4. HP: 41/41 MP: 0/6
   394 | D        | Learned a level 3 spell: Spider Form
   397 | D        | Noticed a shadow
   406 | D        | Killed a shadow
   407 | D        | Reached skill level 9 in Unarmed Combat
   407 | D        | Reached XP level 5. HP: 23/48 MP: 4/9
   505 | D        | Learned a level 4 spell: Ice Form
   507 | D        | Found a blossoming altar of Fedhas.
   507 | D        | Found a stormy altar of Qazlal.
   507 | D        | Found a snail-covered altar of Cheibriados.
   507 | D        | Found a burning altar of Makhleb.
   507 | D        | Found a shimmering altar of Xom.
   508 | D        | Found a hazy altar of Hepliaklqana.
   508 | D        | Found an opulent altar of Gozag.
   508 | D        | Found a sparkling altar of Nemelex Xobeh.
   508 | D        | Found a corrupted altar of Lugonu.
   508 | D        | Found a viscous altar of Jiyva.
   508 | D        | Noticed a spatial vortex
   514 | D        | Killed a spatial vortex
   515 | D        | Reached skill level 1 in Stealth
   515 | D        | Reached skill level 10 in Unarmed Combat
   515 | D        | Reached XP level 6. HP: 55/55 MP: 7/11
   518 | D        | Became a worshipper of Gozag Ym Sagoz the Greedy
   540 | D        | Found a basalt altar of Yredelemnul.
   540 | D        | Found a shadowy altar of Dithmenos.
   540 | D        | Found a sacrificial altar of Ru.
   549 | D        | Found a hide-covered altar of Uskayaw.
   549 | D        | Found an iron altar of Okawaru.
   550 | D        | Found a bloodstained altar of Trog.
   550 | D        | Found an ornate altar of the Wu Jian Council.
   550 | D        | Noticed a human
   550 | D        | Noticed a human
   553 | D        | Killed a human
   554 | D        | Reached skill level 11 in Unarmed Combat
   554 | D        | Reached XP level 7. HP: 57/62 MP: 8/12
   556 | D        | Killed a human
   557 | D        | Reached skill level 5 in Spellcasting
   597 | D        | Found a glowing silver altar of Zin.
   598 | D        | Found a glowing golden altar of the Shining One.
   598 | D        | Found a white marble altar of Elyvilon.
   598 | D        | Noticed a deep elf pyromancer
   603 | D        | Noticed a fire elemental
   605 | D        | Killed a deep elf pyromancer
   606 | D        | Reached skill level 5 in Dodging
   606 | D        | Reached skill level 12 in Unarmed Combat
   606 | D        | Reached skill level 5 in Transmutations
   606 | D        | Reached XP level 8. HP: 58/72 MP: 11/15
   612 | D        | Found a radiant altar of Vehumet.
   612 | D        | Found a shimmering blue altar of Sif Muna.
   612 | D        | Found an ancient bone altar of Kikubaaqudgha.
   725 | D        | Reached skill level 13 in Unarmed Combat
   782 | D        | Noticed a two-headed ogre
   787 | D        | Killed a two-headed ogre
   793 | D        | Noticed a two-headed ogre
   793 | D        | Noticed Erolcha
   803 | D        | Killed a two-headed ogre
   804 | D        | Reached skill level 1 in Ice Magic
   807 | D        | Killed Erolcha
   808 | D        | Reached skill level 14 in Unarmed Combat
   808 | D        | Reached XP level 9. HP: 33/80 MP: 12/18
   940 | D        | Noticed a wandering mushroom
   944 | D        | Noticed a wandering mushroom
   946 | D        | Noticed a wandering mushroom
  1189 | D        | Noticed a cane toad
  1189 | D        | Noticed a komodo dragon
  1189 | D        | Noticed a cane toad
  1195 | D        | Killed a cane toad
  1196 | D        | Reached skill level 15 in Unarmed Combat
  1196 | D        | Reached skill level 1 in Evocations
  1199 | D        | Killed a cane toad
  1204 | D        | Killed a komodo dragon
  1205 | D        | Reached XP level 10. HP: 69/91 MP: 14/19
  1448 | D        | Reached skill level 16 in Unarmed Combat
  1667 | D        | Noticed a lindwurm
  1670 | D        | Killed a lindwurm
  1682 | D        | Noticed Urug
  1684 | D        | Killed Urug
  1823 | D        | Noticed an orc sorcerer
  1827 | D        | Killed an orc sorcerer
  1828 | D        | Noticed an orc high priest
  1829 | D        | Noticed an orc sorcerer
  1831 | D        | Found Umunyon's General Store.
  1835 | D        | Noticed a sixfirhy
  1843 | D        | Reached XP level 11. HP: 96/101 MP: 17/22
  1850 | D        | Killed an orc high priest
  1851 | D        | Reached skill level 17 in Unarmed Combat
  1851 | D        | Killed an orc sorcerer
  1975 | D        | Bought a potion of heal wounds for 55 gold pieces
  2036 | D        | Noticed Donald
  2036 | D        | Noticed Frances
  2047 | D        | Killed Frances
  2048 | D        | Reached skill level 5 in Fighting
  2048 | D        | Reached skill level 5 in Stealth
  2050 | D        | Killed Donald
  2051 | D        | Reached skill level 18 in Unarmed Combat
  2345 | D        | Noticed an obsidian statue
  2356 | D        | Killed an obsidian statue
  2368 | D        | Found Lilatun's Antique Weapon Emporium.
  2368 | D        | Found Zielempol's Book Shop.
  2368 | D        | Found Feukeutu's Distillery.
  2368 | D        | Found Hextueh's Antique Weapon Boutique.
  2368 | D        | Found Simna's Magic Scroll Emporium.
  2368 | D        | Found Kiopn's Antique Armour Shop.
  2368 | D        | Found Bubbirghau's Antique Weapon Emporium.
  2368 | D        | Found Buank's Book Boutique.
  2369 | D        | Found Enkoth's Magic Scroll Shoppe.
  2369 | D        | Found Rahovolaud's Jewellery Shop.
  2369 | D        | Found Nuistae's General Store.
  2411 | D        | Bought a book of Weapons for 280 gold pieces
  2417 | D        | Learned a level 5 spell: Blade Hands
  2422 | D        | Bought 3 scrolls of blinking for 225 gold pieces
  2426 | D        | Bought a potion of heal wounds for 65 gold pieces
  2426 | D        | Bought a potion of heal wounds for 65 gold pieces
  2426 | D        | Bought a potion of might for 52 gold pieces
  2426 | D        | Bought 2 potions of might for 104 gold pieces
  2488 | D        | Bought a tapered ivory wand for 120 gold pieces
  2498 | D        | Noticed a yaktaur captain
  2505 | D        | HP: 4/124 [yaktaur captain/bolt (34)]
  2615 | D        | Killed a yaktaur captain
  2677 | D        | Noticed Azrael
  2680 | D        | Killed Azrael
  2712 | D        | Bought the ring "Addiarur" {rElec rPois rCorr} for 475 gold
                  | pieces
  2748 | D        | Reached skill level 19 in Unarmed Combat
  2962 | D        | Noticed a red ugly thing
  2965 | D        | Noticed a cyan ugly thing
  2970 | D        | Killed a cyan ugly thing
  2979 | D        | Killed a red ugly thing
  2980 | D        | Reached XP level 12. HP: 25/111 MP: 15/24
  3266 | D        | Noticed a centaur warrior
  3269 | D        | Killed a centaur warrior
  3274 | D        | Noticed a fire dragon
  3282 | D        | Killed a fire dragon
  3399 | D        | Reached skill level 10 in Transmutations
  3409 | D        | Reached skill level 5 in Ice Magic
  3663 | D        | Reached skill level 20 in Unarmed Combat
  3798 | D        | Bought a potion of heal wounds for 75 gold pieces
  3798 | D        | Bought 2 potions of heal wounds for 150 gold pieces
  3798 | D        | Bought a potion of invisibility for 120 gold pieces
  3868 | D        | Noticed a deep elf demonologist
  3869 | D        | Noticed a deep elf annihilator
  3870 | D        | Noticed a deep elf demonologist
  3875 | D        | Noticed a deep elf death mage
  3914 | D        | Noticed a deep elf high priest
  3934 | D        | Killed a deep elf annihilator
  4105 | D        | Noticed a four-headed hydra
  4105 | D        | Noticed a seven-headed hydra
  4113 | D        | Killed a four-headed hydra
  4114 | D        | Reached skill level 10 in Spellcasting
  4119 | D        | Killed a seven-headed hydra
  4120 | D        | Reached skill level 21 in Unarmed Combat
  4277 | D        | Found the ring of the Octopus King
  4288 | D        | Identified a ring of the Octopus King {HP+2 MP+9 AC+2 EV+2
                  | SH+2}
  4342 | D        | Found a blossoming altar of Fedhas.
  4364 | D        | Reached skill level 10 in Dodging
  4392 | D        | Reached XP level 13. HP: 122/122 MP: 26/26
  4409 | D        | Noticed a kraken
  4449 | D        | Slain by a tentacle

Illustrated notes

Levels and vault maps discovered:
D:        dungeon_sprint_mu [sprint_mu_entry_forest, sprint_mu_temple_rooms,
          sprint_mu_d1_spiders, sprint_mu_d2_genie, sprint_mu_d3_branching,
          sprint_mu_orc_legion, sprint_mu_elf_gauntlet, sprint_mu_hive_nellie,
          sprint_mu_lair_fedhas, sprint_mu_vaults_butterflies,
          sprint_mu_slime_circle, sprint_mu_shoals_kraken,
          sprint_mu_snake_twists, sprint_mu_blade_basic, sprint_mu_crypt_lich,
          sprint_mu_tomb_spiral, sprint_mu_vestibule_basic,
          sprint_mu_gehenna_hellfire, sprint_mu_dis_giant,
          sprint_mu_tartarus_statrot, sprint_mu_cocytus_islands, sprint_mu_zot1]

Skill      XL: |  1  2  3  4  5  6  7  8  9 10 11 12 |
---------------+-------------------------------------+-----
Unarmed Combat | 5 7 9 10 11 12 14 15 16 19 21 | 21.4
Dodging        | 2 3 4 5 6 7 8 10 | 10.1
Fighting       | 1 2 3 4 5 6 |  6.3
Spellcasting   | 2 3 4 5 6 7 8 9 10 | 10.2
Transmutations | 2 3 4 5 6 7 8 9 10 | 10.9
Stealth        | 1 2 3 4 5 6 |  6.6
Ice Magic      | 1 2 3 4 5 |  5.6
Evocations     | 1 2 |  2.1

Action                   |  1- 3 |  4- 6 |  7- 9 | 10-12 | 13-15 || total
-------------------------+-------+-------+-------+-------+-------++-------
Melee: Unarmed           |    19 |    20 |    60 |   307 |    20 ||   426
       Headbutt          |     2 |     4 |     2 |       |       ||     8
       Kick              |     1 |     7 |     5 |       |       ||    13
       Punch             |       |     2 |     2 |     6 |       ||    10
 Cast: Beastly Appendage |     2 |     3 |     1 |       |       ||     6
       Wereblood         |     1 |     3 |     6 |    22 |     1 ||    33
       Ice Form          |       |       |     5 |    22 |     1 ||    28
       Blade Hands       |       |       |       |     3 |       ||     3
Invok: Call Merchant     |       |       |       |     3 |       ||     3
       Potion Petition   |       |       |       |     1 |       ||     1
Evoke: Piece from Xom's  |       |       |     3 |     1 |       ||     4
       Wand              |       |       |       |     2 |     1 ||     3
  Use: Potion            |     1 |       |     3 |     6 |       ||    10
       Scroll            |       |       |     1 |     2 |       ||     3
 Stab: Sleeping          |       |       |     1 |     5 |       ||     6
       Distracted        |       |       |       |     4 |     1 ||     5
       Invisible         |       |       |       |     5 |       ||     5
Armor: Robe              |     4 |     3 |     1 |     3 |       ||    11
       Skin              |       |       |     2 |    37 |     4 ||    43
Dodge: Dodged            |     1 |     6 |    32 |   120 |    21 ||   180

Table legend: (Time is in decaauts)
 A = Elapsed time spent in this place.
 B = Non-inter-level travel time spent in this place.
 C = Inter-level travel time spent in this place.
 D = Time resting spent in this place.
 E = Time spent auto-exploring this place.
 F = Levels seen in this place.
 G = Mean time per level.
                   A        B        C        D        E       F      G
               +--------+--------+--------+--------+--------+-----+--------+
         Total |   4342 |   4318 |     24 |   2383 |      0 |   1 | 4342.0 |
       Dungeon |   4342 |   4318 |     24 |   2383 |      0 |   1 | 4342.0 |
               +--------+--------+--------+--------+--------+-----+--------+

Top non-repeatable levels by time:
       D: 4342 daAuts
